 Dungeon Crawl Stone Soup version 0.23.1 (webtiles) character file.

Game seed: 0

10417 night the Grappler (level 11, -7/51 HPs)
             Began as a Vine Stalker Fighter on Mar 6, 2019.
             Was an Elder of Qazlal.
             Mangled by a white ugly thing (12 damage)
             ... on level 11 of the Dungeon.
             The game lasted 00:28:04 (9115 turns).

night the Grappler (Vine Stalker Fighter)           Turns: 9115, Time: 00:28:05

Health: -7/51      AC: 15    Str: 23    XL:     11   Next: 61%
Magic:  0/18       EV:  6    Int: 15    God:    Qazlal [****..]
Gold:   270        SH: 20    Dex: 14    Spells: 10/10 levels left

rFire    . . .     SeeInvis .     - Unarmed
rCold    . . .     Gourm    .   b - +0 shield
rNeg     . . .     Faith    .   z - +4 chain mail
rPois    .         Spirit   +   (no helmet)
rElec    .         Reflect  +   (no cloak)
rCorr    .         Harm     .   k - +0 pair of gloves
MR       +....                  Q - +0 pair of boots (curse)
Stlth    ..........             R - +3 amulet of reflection
HPRegen  0.57/turn              F - +3 ring of strength
MPRegen  0.16/turn              P - +5 ring of intelligence

@: repel missiles
A: fangs 3, regeneration 1, magic shield, antimagic bite, no potion heal 3, rot
immunity
a: Upheaval, Elemental Force, Renounce Religion


You were on level 11 of the Dungeon.
You worshipped Qazlal.
Qazlal was greatly pleased with you.
You were not hungry.

You visited 2 branches of the dungeon, and saw 12 of its levels.

You collected 458 gold pieces.
You spent 188 gold pieces at shops.

Inventory:

Hand Weapons
 y - a +0 blowgun
Missiles
 e - 209 stones (quivered)
 i - 42 poisoned needles
 m - 53 bolts
 v - 98 sling bullets
 N - 5 throwing nets
Armour
 b - a +0 shield (worn)
 k - a +0 pair of gloves (worn)
 z - a +4 chain mail (worn)
 Q - a cursed +0 pair of boots (worn)
Jewellery
 a - an uncursed ring of fire
 F - a +3 ring of strength (left hand)
 P - a +5 ring of intelligence (right hand)
 R - a +3 amulet of reflection (around neck)
 X - an uncursed ring of protection from magic
Wands
 n - a wand of clouds (6)
 r - a wand of digging (4)
 D - a wand of flame (15)
 E - a wand of random effects (37)
 G - a wand of polymorph (6)
 J - a wand of paralysis (10)
 S - a wand of scattershot (6)
 V - a wand of iceblast (7)
Scrolls
 f - 2 scrolls of fear {unknown}
 g - 8 scrolls of identify
 h - 3 scrolls of enchant weapon {unknown}
 o - 2 scrolls of fog {unknown}
 p - 2 scrolls of magic mapping {unknown}
 q - 7 scrolls of teleportation
 s - a scroll of noise {unknown}
 u - a scroll of immolation {unknown}
 x - 2 scrolls of remove curse {unknown}
 I - a scroll of random uselessness {unknown}
 L - a scroll of blinking {unknown}
 M - a scroll of enchant armour {unknown}
Potions
 c - a potion of might
 j - a potion of cancellation
 l - 2 potions of flight
 t - 3 potions of lignification
 A - 2 potions of heal wounds
 B - a potion of agility {unknown}
 C - 2 potions of haste
 H - 2 potions of magic {unknown}
 K - a potion of brilliance {unknown}
 O - 2 potions of resistance {unknown}
 U - a potion of curing {unknown}
 W - a potion of degeneration {unknown}
Miscellaneous
 T - a box of beasts
Comestibles
 d - 21 rations
 w - 3 chunks of flesh


   Skills:
 - Level 2.6 Fighting
 - Level 2.4 Armour
 + Level 8.8 Shields
 * Level 12.6 Unarmed Combat
 + Level 8.1 Invocations
 - Level 3.0 Evocations


You had 10 spell levels left.
You didn't know any spells.
Your spell library contained the following spells:

 Spells                   Type           Power        Failure   Level  Hunger
 Sting                    Conj/Pois      #...         99%         1    ##.....
 Summon Butterflies       Summ           #.......     99%         1    ##.....
 Summon Small Mammal      Summ           #...         99%         1    ##.....
 Call Imp                 Summ           #.......     100%        2    ###....
 Poisonous Vapours        Pois/Air       #.....       100%        2    ###....
 Call Canine Familiar     Summ           #.......     100%        3    ####...
 Mephitic Cloud           Conj/Pois/Air  #.......     100%        3    ####...
 Summon Guardian Golem    Hex/Summ       #.......     100%        3    ####...
 Olgreb's Toxic Radiance  Pois           #.......     100%        4    #####..
 Summon Ice Beast         Ice/Summ       #.......     100%        4    #####..
 Summon Lightning Spire   Summ/Air       #.......     100%        4    #####..
 Summon Mana Viper        Hex/Summ       #.......     100%        5    ######.
 Venom Bolt               Conj/Pois      #.........   100%        5    ######.
 Summon Hydra             Summ           #.........   100%        7    #######


Dungeon Overview and Level Annotations

Branches:
Dungeon (11/15)            Temple (1/1) D:4            Lair (0/6) D:11
    Orc (0/2) D:10

Altars:
Ashenzari
Cheibriados
Dithmenos
Elyvilon
Fedhas
Gozag
Hepliaklqana
Kikubaaqudgha
Makhleb
Nemelex Xobeh
Okawaru
Qazlal
Ru
Sif Muna
Trog
Uskayaw
Vehumet
Wu Jian
Xom
Yredelemnul
Zin
The Shining One

Shops:
D:6 *   D:8 =


Innate Abilities, Weirdness & Mutations

You have razor-sharp teeth.
Your natural rate of healing is unusually fast.
When hurt, damage is shared between your health and your magic reserves.
Your bite disrupts and absorbs the magic of your enemies.
Potions cannot restore your health.
You are immune to rotting.


Message History

The eight-headed hydra bites the fungus. x2
The eight-headed hydra bites the fungus! x3
The fungus is destroyed!
It was a potion of heal wounds.
That seemed strangely inert.
You block the orc warrior's attack.
The crocodile bites the fungus!!
The black bear bites the fungus.
The black bear claws the fungus. x2
A porcupine comes into view.
You block the white ugly thing's attack.
Okay, then.
Okay, then.
You pummel the eight-headed hydra!!
You kill the eight-headed hydra!
Qazlal accepts your kill. You block the orc warrior's attack.
You block the orc's attack.
The orc priest hits the plant but does no damage.
The black bear bites the fungus.
The black bear claws the fungus. x2
The orc priest hits the plant but does no damage.
The orc priest hits the plant with a +0 war axe.
The white ugly thing gores you!
You die...

.PP.P......<.....#
PP.PPPP.P..P..)........#
P.P.PPP.PP..............
..P..P..PPPP..........(.
P.PP..P.PPPP............
..PP.PP..PPP..##........
P...P.PPP°..(P.#...#####
PP.oPPoPPP.....#...# #
..PPPPP@○thPP..#.?.# #
P..Pooo.uP....## .# #
P.P..P.°PP.P.......# #
.PPP.P.P..P........# #
.rPPP.P............# #
..PPPP.............# #
.P..PPPP..P........# #
.P...PP.PP.#.......#####
.#....P...#............


You could see a white ugly thing, an orc warrior, a crocodile, a black bear, a
porcupine, 3 orc priests and an orc.

Vanquished Creatures
  A hydra (D:11)
  An unseen horror (D:11)
  Pikel (D:6)
  A centaur skeleton (D:11)
  3 trolls
  A hippogriff (D:7)
  3 slime creatures (D:10)
  6 yaks (D:7)
  Sigmund (D:4)
  2 hungry ghosts (D:8)
  A basilisk (D:8)
  2 wargs (D:10)
  A water moccasin (D:6)
  4 porcupines (D:11)
  An orc warrior (D:10)
  A slave (D:6)
  An ice beast (D:6)
  3 sky beasts
  2 phantoms
  2 ogres
  A centaur (D:8)
  2 big kobolds
  7 bullfrogs
  2 gnoll sergeants
  3 scorpions
  2 water moccasin skeletons
  7 killer bees
  7 wights
  3 crimson imps
  A centaur zombie (D:3)
  A quasit (D:6)
  6 hounds
  A jelly (D:9)
  5 orc priests
  3 bullfrog skeletons
  2 gnoll shamans (D:8)
  5 iguanas
  17 orc wizards
  12 worker ants
  3 hound skeletons
  2 howler monkey skeletons
  26 gnolls
  5 adders
  3 shadow imps
  An adder zombie (D:8)
  4 worms
  2 adder skeletons
  A dart slug (D:2)
  3 leopard geckos
  51 orcs
  6 bats
  4 giant cockroaches
  9 goblins
  2 hobgoblins (D:1)
  3 jackals (D:10)
  13 kobolds
  4 quokkas
  2 ball pythons
  5 frilled lizards
  A jackal skeleton (D:4)
  A quokka zombie (D:5)
  11 rats
  A fungus (D:11)
288 creatures vanquished.

Vanquished Creatures (collateral kills)
  3 killer bees (D:10)
3 creatures vanquished.

Vanquished Creatures (others)
  A cyclops (D:11)
  An ogre (D:6)
  5 fungi (D:11)
  A plant (D:11)
8 creatures vanquished.

Grand Total: 299 creatures vanquished

Notes
Turn   | Place    | Note
-------+----------+-------------------------------------------
     0 | D:1      | night the Vine Stalker Fighter began the quest for the Orb.
     0 | D:1      | Reached XP level 1. HP: 11/11 MP: 2/2
   296 | D:1      | Reached XP level 2. HP: 16/16 MP: 3/3
   818 | D:2      | Reached skill level 3 in Unarmed Combat
   822 | D:2      | Reached XP level 3. HP: 18/19 MP: 4/4
   826 | D:2      | Found a faded altar of an unknown god.
   957 | D:2      | Noticed a moth of wrath
   960 | D:2      | Found a bloodstained altar of Trog.
  1166 | D:2      | Found a shimmering altar of Xom.
  1345 | D:2      | You fall through a shaft for 2 floors!
  1421 | D:4      | Gained mutation: Your natural rate of healing is unusually
                  | fast. [Vine Stalker growth]
  1421 | D:4      | Reached XP level 4. HP: 2/23 MP: 0/5
  1566 | D:3      | Reached skill level 1 in Evocations
  1748 | D:3      | Reached skill level 4 in Unarmed Combat
  1748 | D:3      | Reached XP level 5. HP: 23/27 MP: 4/6
  2670 | D:4      | Noticed Sigmund
  2688 | D:4      | Killed Sigmund
  2688 | D:4      | Reached skill level 5 in Unarmed Combat
  2688 | D:4      | Reached XP level 6. HP: 28/32 MP: 8/8
  2797 | D:4      | Noticed a phantom
  2847 | D:4      | Killed a phantom
  2847 | D:4      | Reached XP level 7. HP: 35/35 MP: 8/10
  2957 | D:4      | Found a staircase to the Ecumenical Temple.
  2978 | Temple   | Entered the Ecumenical Temple
  3392 | Temple   | Became a worshipper of Qazlal Stormbringer
  3716 | D:5      | Entered Level 5 of the Dungeon
  3735 | D:5      | Found a burning altar of Makhleb.
  3848 | D:5      | Reached skill level 6 in Unarmed Combat
  3887 | D:5      | Reached skill level 1 in Invocations
  4408 | D:5      | Gained mutation: You have razor-sharp teeth. [Vine Stalker
                  | growth]
  4408 | D:5      | Reached XP level 8. HP: 39/39 MP: 11/11
  4643 | D:6      | Found a blossoming altar of Fedhas.
  4679 | D:6      | Reached skill level 5 in Shields
  4736 | D:6      | Found a sacrificial altar of Ru.
  4736 | D:6      | Found a hide-covered altar of Uskayaw.
  4741 | D:6      | Reached * piety under Qazlal
  4752 | D:6      | Reached skill level 7 in Unarmed Combat
  4877 | D:6      | Noticed Pikel
  4906 | D:6      | Killed Pikel
  4906 | D:6      | Reached skill level 8 in Unarmed Combat
  4906 | D:6      | Reached XP level 9. HP: 43/43 MP: 10/12
  5025 | D:6      | Found a white marble altar of Elyvilon.
  5026 | D:6      | Found a glowing golden altar of the Shining One.
  5298 | D:6      | Found Fogoliema's General Store.
  5444 | D:7      | Reached skill level 9 in Unarmed Combat
  5561 | D:7      | Reached ** piety under Qazlal
  5684 | D:7      | Reached skill level 5 in Invocations
  5702 | D:7      | Reached skill level 10 in Unarmed Combat
  5702 | D:7      | Reached XP level 10. HP: 36/47 MP: 13/15
  6335 | D:8      | Noticed Maurice
  6352 | D:8      | Noticed Maurice
  6352 | D:8      | Maurice changed into Maurice the basilisk
  6361 | D:8      | Killed Maurice the basilisk
  6743 | D:8      | Found a shattered altar of Ashenzari.
  6951 | D:8      | Found a hazy altar of Hepliaklqana.
  6999 | D:8      | Found Affisuf's Jewellery Shoppe.
  7013 | D:8      | Reached *** piety under Qazlal
  7035 | D:8      | Bought a +3 amulet of reflection for 188 gold pieces
  7630 | D:9      | Reached skill level 11 in Unarmed Combat
  7746 | D:9      | Found a glowing silver altar of Zin.
  8100 | D:10     | Entered Level 10 of the Dungeon
  8300 | D:10     | Reached **** piety under Qazlal
  8373 | D:10     | Reached XP level 11. HP: 48/51 MP: 15/17
  8507 | D:10     | Found a staircase to the Orcish Mines.
  8628 | D:10     | Reached skill level 12 in Unarmed Combat
  9057 | D:11     | Noticed a cyclops
  9063 | D:11     | Killed a cyclops
  9095 | D:11     | Found a staircase to the Lair.
  9095 | D:11     | Noticed an eight-headed hydra
  9102 | D:11     | Noticed a white ugly thing
  9107 | D:11     | Killed an unseen horror
  9115 | D:11     | Killed an eight-headed hydra
  9115 | D:11     | Mangled by a white ugly thing

Skill      XL: |  1  2  3  4  5  6  7  8  9 10 11 |
---------------+----------------------------------+-----
Shields        | 3 4 5 6 8 |  8.8
Unarmed Combat | 3 4 5 6 8 10 11 12 | 12.6
Evocations     | 1 2 3 |  3.0
Invocations    | 1 3 5 7 8 |  8.1
Fighting       | |  2.6
Armour         | |  2.4

Action                   |  1- 3 |  4- 6 |  7- 9 | 10-12 || total
-------------------------+-------+-------+-------+-------++-------
Melee: Unarmed           |   128 |   146 |   348 |   490 ||  1112
       Bite              |    52 |    53 |   125 |   136 ||   366
Invok: Upheaval          |       |       |       |     3 ||     3
       Elemental Force   |       |       |       |     1 ||     1
Evoke: Wand              |     1 |     1 |       |     2 ||     4
  Use: Scroll            |       |     3 |       |     1 ||     4
       Potion            |       |       |       |     1 ||     1
  Eat: Chunk             |     2 |     4 |    10 |    15 ||    31
Armor: Scale mail        |    46 |     7 |       |       ||    53
       Ring mail         |       |     9 |       |       ||     9
       Chain mail        |       |    24 |   145 |   168 ||   337
Dodge: Dodged            |    25 |    28 |    51 |    51 ||   155
       Deflected         |       |       |       |     2 ||     2
Block: Shield            |    44 |    55 |   150 |   343 ||   592
       Reflection        |       |       |       |     8 ||     8
